AoeStats
← denny "denny hasder" hasder

Arena

505347590Analyzed
2v2 RM · 24d ago on Sep 9, 2026· 25m 52s· 4 players
Game mode
Random Map
Map size
Medium (4 player)
Population
200
Speed
Normal
Resources
Standard
Victory
Conquest
Starting age
Dark Age
Ending age
Imperial Age
RankedLock teamsTeams togetherTeam positionsShared explorationLock speedFull tech treeHidden civsTurbo modeCheats
Victory
Defeat
🇺🇸 Malay · United States
1234
+18
🇺🇸 Italians · United States
1174
+21
🇦🇷 Spanish · Argentina
1292
-20
🇨🇱 Cumans · Chile
1277
-19
monJ3__
11:24 Feudal Age
9:39 Loom
15:06 Castle Age
14:16 Double-Bit Axe
23:11 Fletching
23:22 Padded Archer Armor
Mr. Espumita
10:28 Feudal Age
11:01 Double-Bit Axe
10:57 Horse Collar
21:47 Castle Age
20:43 Gold Mining
21:24 Forging
22:32 Wheelbarrow
21:55 Capped Ram
23:04 Scale Barding Armor
23:46 Bloodlines
Math Masterson
9:44 Feudal Age
9:33 Double-Bit Axe
9:30 Horse Collar
13:37 Loom
16:50 Castle Age
16:46 Bow Saw
18:55 Wheelbarrow
21:08 Gold Mining
22:20 Sanctity
denny "denny hasder" hasder
0:32 Loom
10:27 Feudal Age
11:42 Horse Collar
11:50 Double-Bit Axe
15:35 Loom
19:14 Castle Age
17:35 Padded Archer Armor
17:37 Stone Mining
19:33 Fletching
20:33 Bow Saw
21:19 Bodkin Arrow
23:21 Gold Mining
Connection lost

Rejoining the realm…

Still unreachable

The connection could not be restored.

Session expired

The server has moved on; the page needs a fresh start.